 Dungeon Crawl Stone Soup version 0.18.1-8-gdd0e5ea (webtiles) character file.

89 JirkfaceJones the Charmwright (level 4, -1/30 HPs)
             Began as a High Elf Skald on May 24, 2016.
             Slain by an adder (2 damage)
             ... on level 2 of the Dungeon.
             The game lasted 00:05:20 (1838 turns).

JirkfaceJones the Charmwright (High Elf Skald)      Turns: 1838, Time: 00:05:20

Health: -1/30      AC:  9    Str: 11    XL:     4   Next: 31%
Magic:  9/9        EV: 11    Int: 21    God:
Gold:   77         SH:  0    Dex: 15    Spells: 1 memorised, 8 levels left

rFire  . . .     SeeInvis .     f - +0 short sword (protect)
rCold  . . .     Gourm    .     b - +0 leather armour
rNeg   . . .     Faith    .     (no shield)
rPois  .         Spirit   .     (no helmet)
rElec  .         Dismiss  .     (no cloak)
rCorr  .         Reflect  .     (no gloves)
SustAt .         Harm     .     k - +0 pair of boots
MR     .....                    (no amulet)
Stlth  +.........               (no ring)
                                (no ring)

@: brilliant, lethally poisoned (-1 -> -3), not resistant to hostile
enchantments, very unstealthy
A: no striking features
a: no special abilities


You were on level 2 of the Dungeon.
You were not hungry.

You visited 1 branch of the dungeon, and saw 3 of its levels.

You collected 77 gold pieces.

Inventory:

Hand Weapons
 a - a +0 short sword
 f - a +0 short sword of protection (weapon)
Armour
 b - a +0 leather armour (worn)
 k - a +0 pair of boots (worn)
Jewellery
 o - a cursed ring of teleportation {unknown}
Scrolls
 e - 5 scrolls of teleportation {unknown}
 i - 3 scrolls of identify {unknown}
 m - 2 scrolls of magic mapping {unknown}
 n - 2 scrolls of recharging {unknown}
 p - 2 scrolls of remove curse {unknown}
 r - a scroll of immolation {unknown}
Potions
 g - a potion of brilliance
 h - 2 potions of heal wounds {unknown}
 j - a potion of degeneration {unknown}
 l - 2 potions of berserk rage {unknown}
 q - 2 potions of agility {unknown}
Books
 c - a book of Battle

   Spells                             Type                      Level
   a - Infusion                       Charms                       1
   b - Shroud of Golubria             Charms/Translocation         2
   c - Song of Slaying                Charms                       2
   d - Spectral Weapon                Hexes/Charms                 3
   e - Regeneration                   Charms/Necromancy            3
Comestibles
 d - 2 bread rations
 s - a beef jerky
 t - 2 fruits


   Skills:
 + Level 2.8 Fighting
 * Level 3.4 Short Blades
 + Level 1.8 Armour
 - Level 1.1 Dodging
 + Level 3.1 Spellcasting
 + Level 3.9 Charms


You had 8 spell levels left.
You knew the following spells:

 Your Spells              Type           Power        Failure   Level  Hunger
a - Infusion              Chrm           ####         1%          1    None


Dungeon Overview and Level Annotations

Branches:
Dungeon (3/15)

Altars:
Yredelemnul


Message History

You are poisoned.
The adder poisons you!
You feel sick. The adder bites you.
* * * LOW HITPOINT WARNING * * *
The adder bites you.
* * * LOW HITPOINT WARNING * * *
The adder closely misses you. The adder bites you.
* * * LOW HITPOINT WARNING * * *
* * * LOW HITPOINT WARNING * * *
You feel sick.
There is a stone staircase leading up here.
The adder bites you but does no damage. x2; The adder barely misses you. x2
You climb upwards.
There is a stone staircase leading down here.
Drink which item? (? for menu, Esc to quit)
It was a potion of brilliance.
You feel clever all of a sudden.
* * * LOW HITPOINT WARNING * * *
You feel sick. The adder bites you.
You die...

...<..###..#######
......# ##.......##
......# ##........##
.>....# #..........#
......# #..........#
.....## #..........#
....## #..........#
....#####.......S..#
....##..........@S##
##############.S...#
#........# #.....#
##........####.....#
............_#..)..#
##........####.....#
#........# #....##
########### #...##
.....# #####


You could see 3 adders.

Vanquished Creatures
  An adder (D:2)
  3 gnolls (D:2)
  An ooze (D:1)
  A worm (D:2)
  2 dart slugs
  A giant gecko (D:2)
  13 bats
  A giant cockroach (D:2)
  2 gnoll zombies (D:2)
  5 goblins
  2 hobgoblins (D:2)
  A giant newt (D:1)
  4 kobolds (D:1)
  3 rats
40 creatures vanquished.

Notes
Turn   | Place    | Note
--------------------------------------------------------------
     0 | D:1      | JirkfaceJones the High Elf Skald began the quest for the Orb.
     0 | D:1      | Reached XP level 1. HP: 14/14 MP: 4/4
     7 | D:1      | Reached skill level 1 in Armour
    88 | D:1      | Reached XP level 2. HP: 19/19 MP: 3/6
  1055 | D:2      | Reached XP level 3. HP: 25/25 MP: 1/8
  1540 | D:2      | Reached XP level 4. HP: 30/30 MP: 6/9
  1677 | D:2      | Found a basalt altar of Yredelemnul.
  1838 | D:2      | HP: 1/30 [poisoned by an adder]
  1838 | D:2      | Slain by an adder

Skill      XL: |  1  2  3 |
---------------+----------+-----
Armour         | 1 |  1.8
Short Blades   | 3 |  3.4
Spellcasting   | 3 |  3.1
Fighting       | |  2.8
Dodging        | |  1.1
Charms         | |  3.9

Action                   |  1- 3 |  4- 6 || total
-------------------------+-------+-------++-------
Melee: Short sword       |   102 |    59 ||   161
 Cast: Infusion          |     9 |       ||     9
  Use: Potion            |       |     1 ||     1
  Eat: Chunk             |     1 |     2 ||     3
Armor: Leather armour    |    46 |    37 ||    83
Dodge: Dodged            |    66 |    36 ||   102
